 Dungeon Crawl Stone Soup version 0.30-b1-2-g02819fbbbe (webtiles) character file.

Game seed: 409233056335919392

42175 guilain the Spear-Bearer (level 14, -1/112 (114) HPs)
             Began as a Human Fighter on Nov 23, 2023.
             Was an Elder of Nemelex Xobeh.
             Slain by a dire elephant (21 damage)
             ... on level 5 of the Lair of Beasts.
             The game lasted 02:05:35 (18792 turns).

guilain the Spear-Bearer (Human Fighter)           Turns: 18792, Time: 02:05:40

HP:   -1/112 (114)  AC: 20    Str: 27    XL:     14   Next: 54%
MP:   16/16         EV:  7    Int: 10    God:    Nemelex Xobeh [****..]
Gold: 871           SH: 20    Dex: 19    Spells: 13/16 levels left

rFire   + . .        s - +6 spear of False Accusations {freeze, Contam +Blink rElec Dex+7}
rCold   . . .        S - +2 kite shield
rNeg    . . .        G - +0 plate armour
rPois   .            v - +0 helmet
rElec   +            (no cloak)
rCorr   .            c - +1 pair of gloves
SInv    .            K - +0 pair of boots
Will    +....        X - amulet of reflection Stlth
                     j - +6 ring of strength
HPRegen 0.38/turn    A - ring of protection from fire
MPRegen 0.15/turn

%: reflection
@: about to teleport, lightly drained
A: no striking features
a: Renounce Religion, Evoke Blink, Draw Escape, Draw Destruction, Draw
Summoning, Triple Draw, Deal Four


You were on level 5 of the Lair of Beasts.
You worshipped Nemelex Xobeh.
Nemelex Xobeh was greatly pleased with you.
You visited 3 branches of the dungeon, and saw 15 of its levels.

You collected 910 gold pieces.
You spent 39 gold pieces at shops.

Inventory:

Hand Weapons
 a - a +4 dagger of chaos
 s - the +6 spear of False Accusations (weapon) {freeze, Contam +Blink rElec Dex+7}
   (You found it on level 2 of the Dungeon)

   Dex:       It affects your dexterity (+7).
   rElec:     It insulates you from electricity.
   +Blink:    It lets you blink.
   Contam:    It causes magical contamination when unequipped.
 L - a +1 long sword of flaming
 N - a +3 long sword
 O - a +5 morningstar
 P - a +5 great sword
 R - a +3 long sword of freezing
 W - a +0 scimitar of flaming
Missiles
 x - 114 stones
Armour
 c - a +1 pair of gloves (worn)
 v - a +0 helmet (worn)
 G - a +0 plate armour (worn)
 K - a +0 pair of boots (worn)
 S - a +2 kite shield (worn)
Jewellery
 j - a +6 ring of strength (left hand)
 A - a ring of protection from fire (right hand)
 C - a ring of flight
 I - a ring of see invisible
 Q - a ring of positive energy
 X - an amulet of reflection (around neck)
 Y - an amulet of regeneration
Wands
 t - a wand of mindburst (5)
 y - a wand of charming (2)
 D - a wand of iceblast (7)
 H - a wand of flame (6)
 Z - a wand of polymorph (4)
Scrolls
 f - 3 scrolls of enchant weapon {unknown}
 g - 2 scrolls of poison
 h - 2 scrolls of fear
 i - a scroll of fog {unknown}
 q - 6 scrolls of teleportation
 r - 11 scrolls of identify {unknown}
 w - 3 scrolls of enchant armour {unknown}
 z - 4 scrolls of vulnerability {unknown}
 E - 2 scrolls of blinking {unknown}
 F - 2 scrolls of brand weapon {unknown}
 J - 2 scrolls of immolation {unknown}
 T - 3 scrolls of magic mapping {unknown}
 U - 3 scrolls of noise {unknown}
 V - 2 scrolls of silence {unknown}
Potions
 b - a potion of haste
 d - a potion of might
 e - 2 potions of curing
 k - 5 potions of attraction {unknown}
 m - 2 potions of degeneration {unknown}
 n - 2 potions of lignification {unknown}
 o - 3 potions of mutation {unknown}
 p - 2 potions of resistance {unknown}
 u - a potion of flight {unknown}
 B - a potion of cancellation {unknown}
 M - 4 potions of brilliance {unknown}
Miscellaneous
 l - a piece from Xom's chessboard (15/15)


   Skills:
 + Level 11.7 Fighting
 - Level 3.6 Long Blades
 + Level 12.0 Polearms
 + Level 11.7 Armour
 + Level 11.7 Shields
 - Level 1.8 Spellcasting
 - Level 2.1 Ice Magic
 - Level 7.6 Evocations


You had 13 spell levels left.
You knew the following spells:

 Your Spells              Type           Power      Damage    Failure   Level
a - Ozocubu's Armour      Ice            5%         N/A       99%         3

Your spell library contained the following spells:

 Spells                   Type           Power      Damage    Failure   Level
 Gell's Gravitas          Tloc           0%         N/A       100%        3
 Teleport Other           Tloc           0%         N/A       100%        3
 Alistair's Intoxication  Tmut/Pois      0%         N/A       100%        5
 Borgnjor's Vile Clutch   Necr/Erth      0%         N/A       100%        5
 Metabolic Englaciation   Hex/Ice        1%         N/A       100%        5
 Summon Forest            Summ/Tloc      0%         N/A       100%        5
 Dispersal                Tloc           0%         N/A       100%        6
 Eringya's Noxious Bog    Tmut/Pois      0%         N/A       100%        6
 Simulacrum               Ice/Necr       1%         N/A       100%        6
 Summon Hydra             Summ           0%         N/A       100%        7


Dungeon Overview and Level Annotations

Branches:
Dungeon (10/15)            Temple (1/1) D:4            Lair (5/5) D:10
  Swamp (0/4) Lair:2        Slime (0/5) Lair:5
  Snake: Lair:2-3    Spider: Lair:2-3       Orc: D:9-12

Altars:
Ashenzari
Cheibriados
Dithmenos
Elyvilon
Fedhas
Gozag
Kikubaaqudgha
Makhleb
Nemelex Xobeh
Okawaru
Qazlal
Ru
Sif Muna
Trog
Uskayaw
Vehumet
Wu Jian
Xom
Yredelemnul
Zin
The Shining One
Jiyva

Shops:
D:4 ?   D:6 *

Annotations:
Lair:5 exclusion: obsidian statue


Message History

You block the spectral anaconda's attack.
The spectral anaconda bites you.
You feel drained.
You block the dire elephant's attack. x2; The dire elephant tramples you!!
You stumble backwards!
You puncture the dire elephant! You freeze the dire elephant.
The dire elephant is almost dead.
You block the dire elephant's attack. The dire elephant trunk-slaps you.
You hit the dire elephant but do no damage.
The dire elephant is almost dead.
The dire elephant's soul is no longer bound.
The dire elephant looks more healthy.
The dire elephant tramples you but does no damage.
You block the dire elephant's attack.
You hit the dire elephant but do no damage.
The dire elephant is almost dead.
The dire elephant's soul is no longer bound.
You block the dire elephant's attack.
The dire elephant trunk-slaps you but does no damage.
You hit the dire elephant. You freeze the dire elephant.
The dire elephant is almost dead.
The dire elephant tramples you!
* * * LOW HITPOINT WARNING * * *
You stumble backwards!
The dire elephant's soul is no longer bound.
You block the dire elephant's attack.
The dire elephant trunk-slaps you but does no damage.
There is a large open door here.
You block the spectral anaconda's attack.
The spectral anaconda bites you but does no damage.
You block the spectral anaconda's attack.
The spectral anaconda bites you.
* * * LOW HITPOINT WARNING * * *
As you read the scroll of teleportation, it crumbles to dust.
You feel strangely unstable.
You block the spectral anaconda's attack.
The spectral anaconda bites you.
* * * LOW HITPOINT WARNING * * *
The dire elephant tramples you!!
You die...
Your body glows with a rainbow of weird colours and disappears.

#8...P.##♣♣###...#####8.⌠.8
#.....P# ####.### .###8.8#
#8.....####....# ~~.######
#########'#....####
≈≈≈≈#8pZ.8 ##=#
#.#.####.8#.~≈≈≈'...:) ##+#
#...#.....'..~≈~'.$.?" #♣8♣
#8..#ZpY.8##.~~##8...8 P. ♣
###''#YY#### ## ##.
...#.#..#@..# ......÷...###
♣........## ♣♣.#....## #
######


You could see 3 dire elephants, a spectral anaconda and a necromancer (slow).

Vanquished Creatures
  A dire elephant (Lair:5)
  2 hydras (Lair:5)
  A boulder beetle (Lair:3)
  Erica (Lair:1)
  A two-headed ogre (D:8)
  11 death yaks (Lair:5)
  2 spectral death yaks (Lair:5)
  A lindwurm (Lair:3)
  2 necromancers (Lair:5)
  14 elephants
  A dire elephant zombie (Lair:5)
  3 black mambas
  An eye of devastation (Lair:5)
  A torpor snail (Lair:2)
  8 cane toads
  Psyche (D:9)
  A kobold demonologist (D:9)
  Maggie (D:7)
  2 komodo dragons (Lair:5)
  A troll (D:9)
  2 polar bears
  Prince Ribbit (D:5)
  Grinder (D:5)
  A spectral elephant (Lair:5)
  10 blink frogs (Lair:5)
  4 dream sheep (Lair:2)
  A wyvern (D:9)
  Grum (Lair:1)
  33 yaks
  A wraith (D:8)
  2 basilisks (Lair:2)
  A death yak simulacrum (Lair:5)
  A steam dragon (D:8)
  2 vampire mosquitoes (Lair:2)
  6 water moccasins
  Duvessa (D:7)
  A floating eye (Lair:5)
  3 orc warriors
  2 sky beasts (D:7)
  41 wolves
  3 black bears
  An ogre (D:7)
  A centaur (D:5)
  An elephant skeleton (Lair:5)
  14 kobold brigands (D:9)
  8 bullfrogs
  A gnoll sergeant (D:9)
  3 scorpions
  7 wights
  Dowan (D:7)
  6 killer bees
  5 hounds
  A jelly (D:5)
  A gnoll bouda (D:7)
  3 sleepcaps
  4 orc priests
  An iron imp (D:8)
  An iguana (D:5)
  9 orc wizards
  9 hell rats
  Robin (D:4)
  10 gnolls
  6 adders
  A shadow imp (D:8)
  3 white imps
  3 ufetubi
  A worm (D:2)
  2 dart slugs (D:4)
  24 orcs
  10 endoplasms
  A giant cockroach (D:3)
  16 goblins
  8 hobgoblins
  3 jackals (D:2)
  2 quokkas (D:1)
  8 ball pythons
  10 bats
  5 frilled lizards
  10 kobolds
  8 rats
383 creatures vanquished.

Vanquished Creatures (collateral kills)
  2 elephants (Lair:5)
  4 yaks
  A wolf (Lair:5)
7 creatures vanquished.

Vanquished Creatures (others)
  A hell rat (Lair:2)
  An orc (D:4)
  26 fungi
  36 plants
  31 withered plants (Lair:5)
95 creatures vanquished.

Grand Total: 485 creatures vanquished

Notes
Turn   | Place    | Note
-------+----------+-------------------------------------------
     0 | D:1      | guilain the Human Fighter began the quest for the Orb.
     0 | D:1      | Reached XP level 1. HP: 18/18 MP: 1/1
   538 | D:1      | You fall into a shaft and drop 1 floor!
   558 | D:2      | Reached XP level 2. HP: 24/24 MP: 2/2
  1086 | D:2      | Reached XP level 3. HP: 20/29 MP: 3/3
  1184 | D:2      | Identified the +6 spear of False Accusations {freeze,
                  | Contam +Blink rElec Dex+7}
  1454 | D:2      | Reached XP level 4. HP: 24/35 MP: 4/4
  1714 | D:2      | Found a faded altar of an unknown god.
  1974 | D:3      | Reached XP level 5. HP: 42/42 MP: 5/5
  2642 | D:3      | Reached XP level 6. HP: 19/48 MP: 6/6
  3333 | D:4      | Found a staircase to the Ecumenical Temple.
  3368 | Temple   | Entered the Ecumenical Temple
  3382 | Temple   | Became a worshipper of Nemelex Xobeh the Trickster
  3387 | Temple   | Learned a level 3 spell: Ozocubu's Armour
  3697 | D:4      | Noticed Robin
  3715 | D:4      | Killed Robin
  3851 | D:4      | Found Qaydgh's Magic Scroll Boutique.
  3863 | D:4      | Bought a scroll of teleportation for 39 gold pieces
  3915 | D:4      | Reached skill level 1 in Ice Magic
  3924 | D:4      | Reached skill level 1 in Spellcasting
  3924 | D:4      | Reached XP level 7. HP: 48/54 MP: 8/8
  4315 | D:5      | Entered Level 5 of the Dungeon
  4667 | D:5      | Reached skill level 1 in Polearms
  4947 | D:5      | Noticed a water moccasin
  4956 | D:5      | Killed a water moccasin
  4957 | D:5      | Reached skill level 2 in Polearms
  5057 | D:5      | Reached XP level 8. HP: 57/61 MP: 10/10
  5227 | D:5      | Noticed Prince Ribbit
  5235 | D:5      | Killed Prince Ribbit
  5236 | D:5      | Reached skill level 3 in Polearms
  5236 | D:5      | Reached skill level 5 in Armour
  5236 | D:5      | Reached skill level 5 in Shields
  5347 | D:5      | Noticed Grinder
  5354 | D:5      | Paralysed by Grinder for 5 turns
  5364 | D:5      | Paralysed by Grinder for 5 turns
  5370 | D:5      | Killed Grinder
  5371 | D:5      | Reached skill level 5 in Fighting
  5640 | D:6      | Reached * piety under Nemelex Xobeh
  5652 | D:6      | Reached skill level 4 in Polearms
  5778 | D:6      | Received a gift from Nemelex Xobeh
  6070 | D:6      | Reached XP level 9. HP: 45/68 MP: 6/11
  6301 | D:6      | Found Memaethi's Serpentskin Sales.
  6404 | D:7      | Reached skill level 5 in Polearms
  6648 | D:7      | Found a broken altar of Ashenzari.
  6650 | D:7      | Found an ancient bone altar of Kikubaaqudgha.
  6708 | D:7      | Noticed Maggie
  6724 | D:7      | Killed Maggie
  6753 | D:7      | Reached skill level 6 in Polearms
  6908 | D:7      | Found a bloodstained altar of Trog.
  6908 | D:7      | Noticed Duvessa
  6908 | D:7      | Noticed Dowan
  6916 | D:7      | Killed Duvessa
  6922 | D:7      | Killed Dowan
  7689 | D:8      | Reached ** piety under Nemelex Xobeh
  7697 | D:8      | Noticed a two-headed ogre
  7710 | D:8      | Killed a two-headed ogre
  7711 | D:8      | Reached skill level 7 in Polearms
  7711 | D:8      | Reached XP level 10. HP: 27/77 MP: 3/12
  8376 | D:8      | Found a snail-covered altar of Cheibriados.
  8732 | D:9      | Received a gift from Nemelex Xobeh
  8816 | D:9      | Reached skill level 8 in Polearms
  8907 | D:9      | Found a shimmering blue altar of Sif Muna.
  8908 | D:9      | Found a blossoming altar of Fedhas.
  9423 | D:9      | Reached XP level 11. HP: 68/84 MP: 11/13
  9465 | D:9      | Noticed Psyche
  9471 | D:9      | Killed Psyche
  9472 | D:9      | Reached skill level 9 in Polearms
  9821 | D:9      | Noticed a sun demon
  9828 | D:9      | Paralysed by a chaos spawn for 5 turns
 10872 | D:10     | Entered Level 10 of the Dungeon
 10926 | D:10     | Received a gift from Nemelex Xobeh
 11121 | D:10     | Found a staircase to the Lair.
 11134 | Lair:1   | Entered Level 1 of the Lair of Beasts
 11463 | Lair:1   | Noticed Erica
 11475 | Lair:1   | Killed Erica
 11476 | Lair:1   | Reached skill level 10 in Polearms
 11639 | Lair:1   | Noticed an elephant
 11641 | Lair:1   | Noticed an elephant
 11641 | Lair:1   | Noticed an elephant
 11641 | Lair:1   | Noticed an elephant
 11665 | Lair:1   | Killed an elephant
 11672 | Lair:1   | Killed an elephant
 11686 | Lair:1   | Killed an elephant
 11699 | Lair:1   | Killed an elephant
 12244 | Lair:1   | Noticed Grum
 12262 | Lair:1   | Killed Grum
 12276 | Lair:1   | Reached XP level 12. HP: 88/92 MP: 14/14
 12294 | Lair:1   | Reached *** piety under Nemelex Xobeh
 12964 | Lair:2   | Received a gift from Nemelex Xobeh
 12979 | Lair:2   | Reached skill level 11 in Polearms
 13068 | Lair:2   | Reached skill level 1 in Evocations
 13904 | Lair:2   | Received a gift from Nemelex Xobeh
 14041 | Lair:2   | Found a staircase to the Swamp.
 14750 | Lair:3   | Reached **** piety under Nemelex Xobeh
 14750 | Lair:3   | Received a gift from Nemelex Xobeh
 14798 | Lair:3   | Reached skill level 12 in Polearms
 14836 | Lair:3   | Reached XP level 13. HP: 76/101 MP: 15/15
 15048 | Lair:3   | You fall into a shaft and drop 2 floors!
 15048 | Lair:5   | Entered Level 5 of the Lair of Beasts
 15048 | Lair:5   | Noticed a four-headed hydra
 15056 | Lair:5   | Killed a four-headed hydra
 15068 | Lair:5   | Reached skill level 10 in Armour
 15068 | Lair:5   | Reached skill level 10 in Shields
 15074 | Lair:5   | Reached skill level 10 in Fighting
 15153 | Lair:5   | Reached skill level 5 in Evocations
 15318 | Lair:5   | Paralysed by a floating eye for 3 turns
 15326 | Lair:5   | Paralysed by a floating eye for 2 turns
 15370 | Lair:5   | Received a gift from Nemelex Xobeh
 15826 | Lair:5   | Noticed a six-headed hydra
 15827 | Lair:5   | Found a staircase to the Slime Pits.
 15827 | Lair:5   | Found a viscous altar of Jiyva.
 15848 | Lair:5   | Killed a six-headed hydra
 16120 | Lair:5   | Reached XP level 14. HP: 83/111 MP: 16/16
 16793 | Lair:5   | Noticed a dire elephant
 16821 | Lair:5   | Killed a dire elephant
 16995 | Lair:5   | Noticed a dire elephant
 16995 | Lair:5   | Noticed a dire elephant
 16995 | Lair:5   | Noticed a dire elephant
 17338 | Lair:5   | Identified the +0 leather armour of the Oily Grue {rN++}
 17456 | Lair:5   | Received a gift from Nemelex Xobeh
 18792 | Lair:5   | Slain by a dire elephant

Illustrated notes

Levels and vault maps discovered:
D:1:      lemuel_arrival_behind_the_door_large, layout_basic
D:2:      minmay_alternating_diamond, layout_basic,
          ebering_ecumenical_altar_box, kennysheep_decorative_pillar
D:3:      layout_basic
D:4:      layout_loops_cross, minmay_temple_entry_purple_smoke, serial_shops,
          shop, kennysheep_minor_cross, uniq_robin
D:5:      layout_layer_cave, uniq_grinder, uniq_prince_ribbit1
D:6:      nicolae_cairo_tiling_large_dashed, layout_loops_ring,
          grunt_decor_mini_mirrors, guppyfry_shop_venom
D:7:      layout_basic, lightli_temple_of_fire,
          chequers_temple_overflow_statue_of_worship, minmay_misc_feat_rugged,
          grunt_decor_one_mirror, water_boxes_lemuel, uniq_duvessa, uniq_maggie
D:8:      layout_loops_ring, slow_altar_2, lemuel_flamethrower_2
D:9:      layout_roguey, mainiacjoe_overflow_catwalk_spiral, special_room
          [special_room_kobold], uniq_psyche
D:10:     layout_gridville, lemuel_doored_altar, lair_entry_dummy
Temple:   regret_index_temple_generic_petals
Lair:1:   layout_loops_ring, grunt_megastairs_2, serial_bayou_shore_b,
          uniq_erica, uniq_grum
Lair:2:   layout_long_grid, minmay_swamp_entry_swarm, gammafunk_lair_bear_cave,
          grunt_megastairs_4, serial_bayou_shore_b
Lair:3:   layout_cave_pods, hellmonk_spider_entry_life_and_decay, minivault_11
Lair:5:   due_jungle_book, layout_misc_corridors, minmay_slime_entry_eyes,
          grunt_forest_large_clearings

Skill      XL: |  1  2  3  4  5  6  7  8  9 10 11 12 13 14 |
---------------+-------------------------------------------+-----
Long Blades    | 3 |  3.6
Armour         | 4 5 6 7 8 9 11 | 11.7
Fighting       | 4 5 6 7 8 9 10 11 | 11.7
Shields        | 4 5 6 7 8 9 11 | 11.7
Ice Magic      | 1 2 |  2.1
Spellcasting   | 1 |  1.8
Polearms       | 2 4 7 8 10 12 | 12.0
Evocations     | 3 6 7 |  7.6

Action                     |  1- 3 |  4- 6 |  7- 9 | 10-12 | 13-15 || total
---------------------------+-------+-------+-------+-------+-------++-------
  Melee: Long sword        |    86 |    10 |       |       |       ||    96
         Spear             |       |   135 |   242 |   788 |   806 ||  1971
 Invoke: Draw Destruction  |       |       |       |       |     7 ||     7
         Draw Summoning    |       |       |       |       |     4 ||     4
         Draw Escape       |       |       |       |       |     2 ||     2
  Evoke: Wand              |       |       |     2 |    34 |    12 ||    48
    Use: Scroll            |       |       |     1 |     7 |     2 ||    10
         Potion            |       |       |       |     5 |     8 ||    13
   Stab: Distracted        |       |       |       |       |     2 ||     2
 Armour: Scale mail        |    74 |    54 |     6 |       |       ||   134
         Plate armour      |       |       |   102 |   234 |   195 ||   531
  Dodge: Dodged            |    61 |    49 |    52 |   122 |   100 ||   384
  Block: Buckler           |    25 |    30 |    58 |    31 |       ||   144
         Kite shield       |       |       |       |   471 |   543 ||  1014
